Map: Abyssal Reef LE

Players

Railgan - Winner!

  • Race: Zerg Zerg
  • League: Grandmaster
  • Spawn Location: 5:00

REKRUTIBETON

  • Race: Terran Terran
  • League: Grandmaster
  • Spawn Location: 11:00

VOD

Have the link to the VOD?

Description

Time

  • Played on: Feb. 27, 2017, 2:45 p.m.
  • Length: 9:14
Show
View Real Time Build Order
Export as new Build Order

Railgan Zerg - Winner!

Build Orders: Pool First 

Get SALT Encoding   

  12  0:01  Drone  
  13  0:12  Overlord  
  13  0:17  Drone  
  14  0:31  Drone x2  
  16  0:36  Drone  
  17  0:47  Spawning Pool  
  17  0:48  Drone  
  17  0:56  Drone  
  18  1:13  Extractor, Hatchery  
  18  1:17  Drone  
  17  1:20  Drone  
  18  1:35  Zergling x2  
  18  1:37  Roach Warren  
  18  1:43  Queen  
  20  1:47  Drone  
  20  1:49  Drone  
  22  2:00  Overlord  
  22  2:19  Roach, Queen  
  22  2:22  Roach  
  28  2:31  Roach, Queen  
  31  2:38  Overlord  
  31  2:40  Drone  
  31  2:44  Drone  
  33  2:47  Drone  
  34  2:52  Drone  
  34  2:54  Drone  
  34  2:57  Drone  
  37  3:06  Lair  
  37  3:12  Drone x2  
  39  3:17  Drone  
  39  3:19  Overlord  
  40  3:26  Drone  
  41  3:27  Drone  
  41  3:32  Drone  
  41  3:33  Drone  
  44  3:44  Overlord  
  44  3:45  Drone x4  
  44  3:46  Extractor  
  47  3:53  Drone  
  48  4:01  Drone x2  
  48  4:02  Drone x2  
  52  4:03  Overlord  
  52  4:04  Extractor  
  51  4:13  Spire, Drone x2  
  52  4:17  Drone x2  
  52  4:18  Drone  
  52  4:20  Extractor  
  52  4:24  Drone x2  
  56  4:34  Drone x3  
  56  4:38  Glial Reconstitution  
  59  4:39  Overlord  
  59  4:42  Overseer  
  59  4:46  Roach  
  59  4:47  Roach  
  59  4:50  Overlord  
  63  4:59  Roach x2  
  67  5:04  Hatchery  
  67  5:05  Roach  
  68  5:14  Overseer  
  68  5:16  Queen  
  68  5:17  Queen  
  72  5:36  Mutalisk  
  72  5:37  Mutalisk x3  
  80  5:48  Drone x4  
  84  5:50  Overlord  
  84  5:53  Pneumatized Carapace  
  84  6:01  Overlord  
  83  6:04  Drone x2  
  83  6:09  Drone x3  
  83  6:10  Drone  
  86  6:12  Drone x3  
  86  6:15  Drone  
  86  6:16  Drone x2  
  92  6:20  Evolution Chamber x2  
  90  6:27  Drone x4  
  94  6:33  Drone  
  94  6:34  Overlord  
  94  6:38  Drone  
  94  6:39  Drone x3  
  99  6:44  Extractor, Overlord x2  
  99  6:45  Extractor, Overlord  
  97  6:47  Zerg Missile Weapons Level 1, Zerg Ground Armor Level 1  
  97  6:50  Drone x3  
  100  6:56  Drone  
  101  7:03  Drone x4  
  105  7:09  Drone  
  105  7:14  Drone x2  
  108  7:20  Drone x4  
  112  7:27  Overlord  
  112  7:28  Roach x6  
  122  7:30  Hatchery  
  122  7:32  Ravager  
  122  7:33  Ravager x7  
  122  7:34  Overlord  
  122  7:36  Hatchery  
  130  7:44  Roach x3  
  131  8:04  Roach x8  
  143  8:06  Roach x5  
  143  8:09  Overlord  
  143  8:12  Overlord  
  153  8:16  Overlord  
  153  8:19  Overlord  
  153  8:28  Infestation Pit  
  154  8:34  Roach x4  
  154  8:38  Roach x6  
  172  8:43  Roach x5  
  172  8:46  Roach  
  172  8:47  Roach  
  186  8:50  Roach  
Show
View Real Time Build Order
Export as new Build Order

REKRUTIBETON Terran 

Build Orders: Reaper Expand, Mech 

Get SALT Encoding   

  12  0:01  SCV  
  13  0:13  SCV  
  14  0:17  Supply Depot  
  14  0:25  SCV  
  15  0:39  SCV  
  15  0:40  Barracks  
  16  0:44  Refinery  
  16  0:51  SCV  
  17  1:03  SCV  
  18  1:15  SCV  
  19  1:27  Orbital Command  
  19  1:28  Reaper  
  20  1:45  Command Center  
  20  1:53  SCV  
  21  2:00  Marine  
  22  2:10  Factory  
  22  2:13  Supply Depot  
  22  2:16  SCV  
  22  2:22  Barracks Reactor  
  23  2:23  Refinery  
  23  2:40  SCV  
  24  2:52  SCV  
  24  2:58  Starport  
  25  3:01  Orbital Command  
  25  3:06  Hellion x2  
  25  3:08  SCV  
  25  3:11  Marine  
  31  3:20  SCV  
  32  3:30  Cyclone  
  37  3:40  Barracks Tech Lab  
  37  3:42  SCV  
  37  3:48  SCV  
  39  3:54  SCV  
  40  4:00  SCV  
  41  4:07  Factory Reactor  
  38  4:10  SCV  
  38  4:12  Cloaking Field  
  38  4:14  Banshee  
  38  4:15  Command Center  
  42  4:18  SCV  
  42  4:23  Refinery  
  43  4:25  Refinery  
  43  4:26  SCV  
  43  4:31  SCV  
  45  4:32  Barracks Reactor  
  45  4:37  Barracks Tech Lab  
  44  4:38  Factory  
  44  4:39  SCV  
  44  4:43  SCV  
  46  4:49  Supply Depot  
  46  4:56  Supply Depot  
  46  5:08  Banshee, Supply Depot  
  46  5:09  SCV x2  
  46  5:13  Supply Depot  
  51  5:14  Hellion  
  51  5:18  Hellion  
  51  5:21  SCV x2  
  57  5:32  Orbital Command  
  57  5:33  SCV  
  58  5:40  SCV  
  59  5:45  SCV  
  59  5:46  Siege Tank  
  59  5:48  Armory  
  63  5:52  SCV  
  62  5:57  SCV  
  62  5:59  Widow Mine x2  
  62  6:04  Engineering Bay  
  65  6:09  SCV  
  65  6:10  Factory  
  63  6:11  SCV  
  63  6:18  SCV  
  65  6:21  Starport Reactor, Supply Depot  
  65  6:22  SCV  
  66  6:28  SCV  
  66  6:32  Missile Turret  
  64  6:35  Widow Mine x2  
  64  6:36  Thor  
  64  6:38  SCV  
  75  6:41  Supply Depot  
  75  6:44  Missile Turret  
  75  6:45  Terran Vehicle Weapons Level 1  
  75  6:50  Supply Depot  
  75  6:53  Infernal Pre-Igniter  
  73  7:07  SCV  
  74  7:11  Thor  
  74  7:14  Cyclone x2  
  85  7:21  SCV  
  86  7:22  Siege Tank  
  86  7:24  Orbital Command  
  86  7:25  SCV  
  88  7:32  Armory  
  88  7:35  SCV  
  88  7:37  SCV  
  88  7:38  Supply Depot  
  89  7:44  Factory  
  85  7:54  Missile Turret, Refinery  
  85  7:56  SCV  
  85  7:58  SCV  
  85  8:06  SCV  
  85  8:07  Siege Tank x2  
  85  8:08  Cyclone x2  
  85  8:09  SCV  
  85  8:10  SCV  
  100  8:18  SCV  
  101  8:22  Refinery  
  101  8:24  SCV x2  
  101  8:28  Supply Depot  
  101  8:30  Supply Depot  
  101  8:33  SCV  
  102  8:35  Factory Tech Lab  
  102  8:36  Missile Turret  
  102  8:37  SCV  
  102  8:38  Factory, SCV  
  104  8:48  Supply Depot  
  104  8:49  Supply Depot, SCV x2  
  104  8:52  Hellion  
  114  8:59  SCV  
Tags
 
Add a new tag
Caveats
  • Supply blocks, unpowered buildings, or Contaminate may cause inaccurate times.
  • Supply counts are checked every 10 seconds.